 Dungeon Crawl Stone Soup version 0.23.1 (webtiles) character file.

Game seed: 9043942901179965377

8229 Borgoz the Nimble (level 11, -4/92 HPs)
             Began as a Ghoul Monk on Mar 16, 2019.
             Was a Believer of Ashenzari.
             Slain by a yak (10 damage)
             ... on level 9 of the Dungeon.
             The game lasted 00:21:12 (11889 turns).

Borgoz the Nimble (Ghoul Monk)                     Turns: 11889, Time: 00:21:12

Health: -4/92      AC:  3    Str: 15 (16) XL:     11   Next: 27%
Magic:  10/10      EV: 18    Int:  3 (6)  God:    Ashenzari [**....]
Gold:   333        SH:  0    Dex: 15 (16) Spells: 10/10 levels left

rFire    . . .     SeeInvis .   a - +2 short sword (venom)
rCold    + + .     Gourm    .   (no shield)
rNeg     + + +     Faith    .   D - +1 robe "Vidukloe" {Stlth+}
rPois    ∞         Spirit   .   (no helmet)
rElec    +         Reflect  .   (no cloak)
rCorr    .         Harm     .   (no gloves)
MR       .....                  (no boots)
Stlth    +++++.....             (no amulet)
HPRegen  0.00/turn              p - ring "Saig" {*Contam rElec rC+ rN+ Dex+3}
MPRegen  0.12/turn              (no ring)

@: rotting
A: rotting body, claws 1, carnivore, cold resistance 1, negative energy
resistance 3, inhibited regeneration, torment resistance, unbreathing
a: Curse Item, Scrying, Renounce Religion


You were on level 9 of the Dungeon.
You worshipped Ashenzari.
Ashenzari was pleased with you.
You were not hungry.

You visited 2 branches of the dungeon, and saw 11 of its levels.
You also visited: Sewer.

You collected 471 gold pieces.
You spent 138 gold pieces at shops.

Inventory:

Hand Weapons
 a - a +2 short sword of venom (weapon)
 b - a +2 dagger of speed
 l - a +0 rapier
 o - a +4 dagger
 y - a +2 dagger of venom
 G - a +0 blowgun
 L - a +0 rapier of flaming
Missiles
 C - 26 tomahawks (quivered)
 H - 23 poisoned needles
 J - 3 needles of sleeping
Armour
 g - a +0 ring mail
 D - the +1 robe "Vidukloe" (worn) {Stlth+}
   (You found it on level 6 of the Dungeon)

   It makes you more stealthy.
Jewellery
 p - the ring "Saig" (left claw) {*Contam rElec rC+ rN+ Dex+3}
   (You found it on level 4 of the Dungeon)

   [ring of positive energy]

   It affects your dexterity (+3).
   It protects you from cold.
   It insulates you from electricity.
   It protects you from negative energy.
   It causes magical contamination when unequipped.
 B - an uncursed ring of fire
 E - an uncursed amulet of magic regeneration
Wands
 q - a wand of polymorph (9)
 s - a wand of random effects (14)
 u - a wand of flame (12)
 w - a wand of scattershot (6)
 N - a wand of disintegration (14)
Scrolls
 e - a scroll of random uselessness {unknown}
 f - 8 scrolls of teleportation {unknown}
 h - 2 scrolls of immolation {unknown}
 i - 5 scrolls of identify {unknown}
 j - 4 scrolls of fog {unknown}
 k - 2 scrolls of blinking {unknown}
 m - 2 scrolls of fear {unknown}
 n - 3 scrolls of enchant weapon {unknown}
 r - 2 scrolls of remove curse
 t - 2 scrolls of noise {unknown}
 z - 2 scrolls of magic mapping {unknown}
 A - a scroll of enchant armour {unknown}
Potions
 d - a potion of haste
 v - a potion of flight
 x - a potion of berserk rage {unknown}
 K - a potion of resistance
 O - a potion of brilliance {unknown}
Comestibles
 c - 14 rations


   Skills:
 + Level 7.3 Fighting
 * Level 8.5 Short Blades
 * Level 7.8 Armour
 * Level 8.5 Dodging
 + Level 7.4 Stealth


You had 10 spell levels left.
You didn't know any spells.
Your spell library was empty.

Dungeon Overview and Level Annotations

Branches:
Dungeon (10/15)            Temple (1/1) D:5            Lair (0/6) D:9
    Orc (0/2) D:9

Altars:
Ashenzari
Cheibriados
Dithmenos
Elyvilon
Fedhas
Gozag
Hepliaklqana
Kikubaaqudgha
Makhleb
Nemelex Xobeh
Okawaru
Qazlal
Ru
Sif Muna
Trog
Uskayaw
Vehumet
Wu Jian
Xom
Yredelemnul
Zin
The Shining One

Shops:
D:8 (


Innate Abilities, Weirdness & Mutations

Your body is rotting away.
You thrive on raw meat.
You are immune to poison.
You have sharp fingernails.
You are carnivorous and can eat meat at any time.
Your flesh is cold resistant. (rC+)
You are immune to negative energy. (rN+++)
You do not regenerate when monsters are visible.
You are immune to unholy pain and torment.
You can survive without breathing.


Message History

You barely miss the yak.
The yak is heavily wounded.
You hit the yak.
The yak looks as sick as possible!
The yak is heavily wounded.
The yak misses you. The yak barely misses you.
Okay, then.
You hit the yak but do no damage.
The yak looks as sick as possible!
The yak is heavily wounded.
The yak gores you!
* * * LOW HITPOINT WARNING * * *
The yak misses you.
You feel better. The yak misses you. The yak gores you!
* * * LOW HITPOINT WARNING * * *
It was a potion of lignification.
You feel woody for a moment. The yak closely misses you.
The yak barely misses you.
It was a potion of degeneration.
There was something very wrong with that liquid.
You feel weakened.
You feel dopey.
You feel clumsy. The yak gores you!
You die...

### ###
#########.##################.#
..........#....Y@Y...........#
#########.#.################.#
....# #.#.#.......÷.....##.#
###.#####.#.#.##..#######.##.#
# #....##.#.#.##....[...#.##.#
# #....##.#.#(##...####.#.##.#
###....##.#.#.##........#.##.#
##.....##.#.#)###<......#.##.#
##...####.#.#.#.......#....#.#


You could see 2 yaks.

Vanquished Creatures
  A two-headed ogre (D:8)
  Pikel (D:8)
  A troll (D:9)
  A hippogriff (D:9)
  Eustachio (D:4)
  3 yaks
  Menkaure (D:4)
  2 hungry ghosts
  2 water moccasins (D:9)
  4 porcupines (D:9)
  Purgy (Sewer)
  2 black bears (D:9)
  2 ice beasts
  3 orc warriors (D:9)
  2 slaves (D:8)
  2 sky beasts
  9 ogres
  8 centaurs
  8 big kobolds
  9 bullfrogs
  A gnoll sergeant (D:9)
  A scorpion (D:4)
  5 wights (D:6)
  A howler monkey (D:5)
  2 crimson imps
  A quasit (D:2)
  A bullfrog zombie (D:5)
  5 orc priests
  3 bullfrog skeletons
  10 hounds
  2 centaur skeletons (D:5)
  3 iguanas
  6 orc wizards
  4 worker ants
  A killer bee zombie (D:5)
  A hound zombie (D:4)
  A hound skeleton (D:8)
  A howler monkey skeleton (D:7)
  3 gnolls
  11 adders
  A river rat (D:5)
  3 oozes
  An adder zombie (D:8)
  A worm (D:5)
  A dart slug (D:5)
  5 leopard geckos
  37 orcs
  9 giant cockroaches
  7 goblins
  7 hobgoblins
  10 jackals
  17 kobolds
  2 quokkas (D:3)
  4 ball pythons
  15 bats
  6 frilled lizards
  2 jackal skeletons (D:4)
  2 leopard gecko skeletons (D:5)
  15 rats
271 creatures vanquished.

Vanquished Creatures (others)
  A bullfrog zombie (D:5)
  An orc wizard (D:6)
  A worm (D:8)
  45 fungi (D:9)
  28 plants (D:9)
76 creatures vanquished.

Grand Total: 347 creatures vanquished

Notes
Turn   | Place    | Note
-------+----------+-------------------------------------------
     0 | D:1      | Borgoz the Ghoul Monk began the quest for the Orb.
     0 | D:1      | Reached XP level 1. HP: 19/19 MP: 0/0
   173 | D:1      | Reached XP level 2. HP: 25/26 MP: 1/1
   951 | D:1      | Reached skill level 1 in Armour
   951 | D:1      | Reached XP level 3. HP: 18/30 MP: 2/2
  1077 | D:1      | Reached XP level 4. HP: 33/36 MP: 3/3
  1479 | D:2      | Reached XP level 5. HP: 29/46 MP: 4/4
  1993 | D:2      | Found a hazy altar of Hepliaklqana.
  2224 | D:2      | Found a glowing silver altar of Zin.
  2984 | D:4      | Noticed an ogre
  3323 | D:4      | Noticed Eustachio
  3368 | D:4      | Reached XP level 6. HP: 17/52 MP: 5/5
  3403 | D:4      | Noticed Menkaure
  3758 | D:4      | Killed Eustachio
  3870 | D:4      | Found a blossoming altar of Fedhas.
  3895 | D:4      | Reached XP level 7. HP: 23/59 MP: 6/6
  3942 | D:4      | Got a clouded lapis lazuli ring
  3978 | D:4      | HP: 1/60 [ooze (4)]
  4878 | D:4      | Killed Menkaure
  5149 | D:4      | Reached XP level 8. HP: 32/67 MP: 7/7
  5170 | D:4      | Identified the ring "Saig" {*Contam rElec rC+ rN+ Dex+3}
                  | (You found it on level 4 of the Dungeon)
  5271 | D:5      | Entered Level 5 of the Dungeon
  5362 | D:5      | Reached skill level 5 in Dodging
  5401 | D:5      | Reached skill level 5 in Short Blades
  5568 | D:5      | Found a glowing drain.
  5582 | Sewer    | Entered a sewer
  5613 | Sewer    | Noticed Purgy
  5622 | Sewer    | Killed Purgy
  5622 | Sewer    | Reached skill level 5 in Fighting
  6115 | D:5      | Found a staircase to the Ecumenical Temple.
  6235 | Temple   | Entered the Ecumenical Temple
  6479 | D:6      | Found a radiant altar of Vehumet.
  6496 | D:6      | Reached skill level 5 in Stealth
  6496 | D:6      | Reached XP level 9. HP: 53/74 MP: 8/8
  6641 | D:6      | Reached skill level 5 in Armour
  6701 | D:6      | Got a faintly humming robe
  6715 | D:6      | Identified the +1 robe "Vidukloe" {Stlth+} (You found it on
                  | level 6 of the Dungeon)
  8711 | D:7      | Reached XP level 10. HP: 62/83 MP: 9/9
  9088 | D:8      | Found a sacrificial altar of Ru.
  9158 | D:8      | Found a shattered altar of Ashenzari.
  9202 | D:8      | Found a deep blue altar of Sif Muna.
  9273 | D:8      | Found a shimmering altar of Xom.
  9279 | D:8      | Found a bloodstained altar of Trog.
  9339 | D:8      | Noticed Pikel
  9379 | D:8      | Killed Pikel
  9731 | D:8      | Found Xites's Weapon Boutique.
  9734 | D:8      | Bought a +0 rapier of flaming for 138 gold pieces
  9762 | D:8      | Found a snail-covered altar of Cheibriados.
  9799 | D:8      | Noticed a two-headed ogre
  9809 | D:8      | Killed a two-headed ogre
  9840 | D:8      | Became a worshipper of Ashenzari the Shackled
  9840 | D:8      | Reached * piety under Ashenzari
  9840 | D:8      | Reached ** piety under Ashenzari
  9891 | D:8      | Found a shimmering altar of Xom.
 10312 | D:9      | HP: 4/84 [hippogriff (4)]
 11001 | D:9      | Found a staircase to the Orcish Mines.
 11132 | D:9      | Reached XP level 11. HP: 80/92 MP: 10/10
 11255 | D:9      | Found a sparkling altar of Nemelex Xobeh.
 11367 | D:9      | Found a staircase to the Lair.
 11471 | D:9      | Found a burning altar of Makhleb.
 11751 | D:9      | Found an ornate altar of the Wu Jian Council.
 11865 | D:10     | Entered Level 10 of the Dungeon
 11889 | D:9      | Slain by a yak

Skill      XL: |  1  2  3  4  5  6  7  8  9 10 |
---------------+-------------------------------+-----
Short Blades   | 3 4 5 6 8 |  8.5
Armour         | 1 2 3 4 6 7 |  7.8
Dodging        | 3 4 5 6 8 |  8.5
Stealth        | 3 4 5 6 7 |  7.4
Fighting       | 4 5 6 7 |  7.3

Action                   |  1- 3 |  4- 6 |  7- 9 | 10-12 || total
-------------------------+-------+-------+-------+-------++-------
Melee: Short sword       |    70 |    34 |   476 |   463 ||  1043
       Dagger            |       |   355 |   156 |       ||   511
  Use: Potion            |       |     6 |     4 |     6 ||    16
 Stab: Sleeping          |       |       |    12 |    10 ||    22
       Distracted        |       |       |       |     1 ||     1
  Eat: Chunk             |     3 |    10 |    39 |    68 ||   120
Armor: Robe              |    24 |     1 |    23 |    32 ||    80
       Ring mail         |       |   113 |    68 |       ||   181
Dodge: Dodged            |    53 |   192 |   403 |   301 ||   949
